Map: 亚历山大港 - 天梯版

Players

Lambo

  • Race: Zerg Zerg
  • League: Platinum

INnoVation - Winner!

  • Race: Terran Terran
  • League: Diamond

Event: WESG 2018 Grand Finals

VOD

Have the link to the VOD?

Description

Time

  • Played on: March 14, 2019, 7:43 a.m.
  • Length: 6:09

All games in this series

Show
View Real Time Build Order
Export as new Build Order

Lambo Zerg 

Build Orders: Pool First, Roach Nydus 

Get SALT Encoding   

  12  0:00  Drone  
  13  0:12  Overlord  
  13  0:17  Drone  
  14  0:30  Drone x2  
  16  0:40  Spawning Pool  
  15  0:45  Drone  
  15  0:49  Drone  
  17  0:56  Drone  
  18  1:03  Extractor  
  17  1:15  Hatchery  
  16  1:27  Zergling x4  
  16  1:28  Zergling x2  
  19  1:38  Queen  
  21  1:43  Overlord  
  21  1:50  Drone  
  22  2:02  Drone  
  23  2:18  Drone  
  24  2:23  Lair  
  24  2:26  Drone  
  24  2:27  Queen  
  24  2:28  Drone  
  28  2:35  Drone  
  29  2:37  Drone  
  30  2:46  Extractor  
  30  2:48  Drone x2  
  30  2:50  Drone x2  
  33  2:51  Drone  
  34  3:05  Roach Warren  
  33  3:08  Queen  
  35  3:22  Nydus Network  
  35  3:23  Overlord  
  34  3:28  Overlord  
  34  3:45  Roach x4  
  42  3:52  Roach  
  44  4:00  Nydus Canal  
  44  4:03  Roach x2  
  44  4:07  Roach  
  44  4:09  Roach  
  51  4:19  Nydus Canal  
  52  4:24  Roach  
  51  4:31  Roach  
  51  4:38  Roach x2  
  51  4:40  Drone x2  
  44  4:45  Drone  
  44  4:52  Queen  
  38  4:53  Drone  
  38  4:56  Drone  
  42  5:03  Drone  
  43  5:07  Spire  
  43  5:10  Queen  
  43  5:13  Drone  
  45  5:16  Drone  
  45  5:19  Drone  
  47  5:22  Drone  
  47  5:26  Drone  
  49  5:32  Extractor  
  50  5:37  Drone  
  50  5:43  Drone x2  
  50  5:49  Drone  
Show
View Real Time Build Order
Export as new Build Order

INnoVation Terran - Winner!

Build Orders: Gas First Reaper Expand, Liberator Opening 

Get SALT Encoding   

  12  0:00  SCV  
  13  0:12  SCV  
  14  0:18  Supply Depot  
  14  0:25  SCV  
  15  0:29  Refinery  
  15  0:39  SCV  
  16  0:45  Barracks  
  16  0:52  SCV  
  17  1:04  SCV  
  18  1:16  SCV  
  19  1:31  Orbital Command  
  19  1:32  Reaper  
  20  1:44  Command Center  
  20  1:57  Factory  
  20  2:00  SCV  
  21  2:07  Barracks Reactor  
  21  2:12  SCV  
  22  2:17  Supply Depot  
  22  2:21  Refinery  
  22  2:24  SCV  
  23  2:38  SCV  
  24  2:45  Starport  
  24  2:46  Hellion  
  24  2:47  Hellion  
  24  2:51  SCV  
  29  2:53  Barracks Tech Lab  
  29  3:01  Orbital Command  
  29  3:03  SCV  
  30  3:14  Hellion x2  
  30  3:16  SCV  
  35  3:28  Viking  
  35  3:30  SCV x2  
  39  3:38  Marine x2  
  39  3:41  Supply Depot  
  41  3:43  Factory Tech Lab, SCV  
  41  3:44  SCV  
  41  3:45  Liberator  
  42  3:56  Marine x2  
  42  3:57  Bunker  
  47  4:03  Siege Tank  
  50  4:14  Marine x2  
  40  4:32  Marine x2  
  36  4:39  Siege Tank  
  33  4:47  SCV  
  33  5:01  SCV x2  
  35  5:09  Marine x2  
  35  5:11  Siege Tank  
  40  5:15  SCV  
  40  5:16  SCV  
  42  5:27  Marine x2, SCV  
  45  5:28  SCV  
  45  5:35  Supply Depot  
  46  5:39  SCV  
  46  5:40  SCV  
  48  5:46  Marine x2  
  50  5:51  SCV  
  50  5:52  SCV  
  50  5:58  Supply Depot  
Tags
 
Add a new tag
Caveats
  • Supply blocks, unpowered buildings, or Contaminate may cause inaccurate times.
  • Supply counts are checked every 10 seconds.